 Dungeon Crawl Stone Soup version 0.25-a0-737-g26c3a87c45 (webtiles) character file.

Game seed: 14719513704327898025, levelgen mode: classic

10046 Amnesiac the Frost Mage (level 11, -6/99 HPs)
             Began as a Ghoul Ice Elementalist on Apr 11, 2020.
             Was a Priest of Vehumet.
             Shot with an arrow by a centaur (8 damage)
             ... on level 11 of the Dungeon.
             The game lasted 00:20:34 (9072 turns).

Amnesiac the Frost Mage (Ghoul Ice Elementalist)    Turns: 9072, Time: 00:20:35

Health: -6/99      AC:  7    Str: 13    XL:     11   Next: 56%
Magic:  3/21       EV: 12    Int: 13    God:    Vehumet [***...]
Gold:   624        SH:  0    Dex:  9    Spells: 10/25 levels left

rFire    . . .     SeeInvis .   b - +4 scimitar (freeze) (curse)
rCold    + . .     Gourm    .   (no shield)
rNeg     + + +     Faith    .   u - +0 steam dragon scales
rPois    ∞         Spirit   .   (no helmet)
rElec    .         Reflect  .   y - +0 cloak {+Inv}
rCorr    .         Harm     .   q - +0 pair of gloves
MR       .....                  (no boots)
Stlth    +++.......             (no amulet)
HPRegen  0.00/turn              d - ring of stealth
MPRegen  0.17/turn              l - ring of wizardry

@: rotting
A: rotting body, claws 1, carnivore, cold resistance 1, negative energy
resistance 3, inhibited regeneration, torment resistance, unbreathing
a: Renounce Religion, Evoke Invisibility


You were on level 11 of the Dungeon.
You worshipped Vehumet.
Vehumet was most pleased with you.
You were not hungry.

You visited 2 branches of the dungeon, and saw 12 of its levels.

You collected 624 gold pieces.

Inventory:

Hand Weapons
 a - a +1 vorpal hunting sling
 b - a cursed +4 scimitar of freezing (weapon)
 C - a +2 long sword of flaming
Missiles
 g - 291 stones (quivered)
 j - 21 poisoned darts
 v - 29 sling bullets
Armour
 q - a +0 pair of gloves (worn)
 u - +0 steam dragon scales (worn)
 y - a +0 cloak of invisibility (worn)
Jewellery
 d - a ring of stealth (left hand)
 l - a ring of wizardry (right hand)
 s - an uncursed amulet of guardian spirit
Wands
 m - a wand of disintegration (8)
 t - a wand of enslavement (6)
 z - a wand of flame (5)
 B - a wand of iceblast (5)
Scrolls
 e - a scroll of identify {!r}
 h - a scroll of enchant armour {!r}
 i - 6 scrolls of teleportation {!r}
 A - a scroll of fear {!r}
Potions
 k - a potion of curing {!q}
 o - 4 potions of brilliance {!q}
 p - a potion of resistance {!q}
 r - a potion of ambrosia {!q}
 w - a potion of might {!q, unknown}
 x - 5 potions of flight {!q}
Comestibles
 c - 18 rations


   Skills:
 + Level 9.7 Fighting
 - Level 1.7 Dodging
 - Level 2.1 Stealth
 + Level 7.7 Spellcasting
 * Level 13.9 Ice Magic


You had 10 spell levels left.
You knew the following spells:

 Your Spells              Type           Power        Failure   Level  Hunger
a - Freeze                Ice            ####         1%          1    None
b - Frozen Ramparts       Ice            #####.       1%          3    ##.....
c - Summon Ice Beast      Ice/Summ       ###.....     3%          4    ####...
d - Hailstorm             Conj/Ice       ###.....     1%          4    ####...
z - Ozocubu's Armour      Chrm/Ice       ###.....     1%          3    ##.....

Your spell library contained the following spells:

 Spells                   Type           Power        Failure   Level  Hunger
 Inner Flame              Hex/Fire       #.......     4%          3    ##.....
 Magic Dart               Conj           #...         1%          1    None
 Searing Ray              Conj           #.....       2%          2    None
 Conjure Flame            Conj/Fire      #.......     4%          3    ##.....
 Dazzling Flash           Conj/Hex       #.....       4%          3    ##.....
 Mephitic Cloud           Conj/Pois/Air  #.......     4%          3    ##.....
 Poisonous Vapours        Pois/Air       #.....       9%          2    None
 Metabolic Englaciation   Hex/Ice        ###.......   9%          5    #####..
 Fulminant Prism          Conj/Hex       #.........   14%         4    ####...
 Iskenderun's Mystic Bla  Conj/Tloc      #.......     14%         4    ####...
 Confusing Touch          Hex            #.......     16%         3    ##.....
 Gell's Gravitas          Tloc           #.........   16%         3    ##.....
 Freezing Cloud           Conj/Ice/Air   ###.......   30%         6    #######
 Yara's Violent Unravell  Hex/Tmut       #.........   34%         5    #####..
 Petrify                  Tmut/Erth      #.......     45%         4    ####...
 Ring of Flames           Chrm/Fire      #.........   100%        7    #######


Dungeon Overview and Level Annotations

Branches:
Dungeon (11/15)            Temple (1/1) D:7            Lair (0/6) D:9
    Orc: D:9-12

Altars:
Ashenzari
Cheibriados
Gozag
Makhleb
Nemelex Xobeh
Okawaru
Qazlal
Sif Muna
Vehumet
Wu Jian
Xom
Yredelemnul
The Shining One

Annotations:
D:10 exclusion: downstairs
D:11 1 runed translucent door


Innate Abilities, Weirdness & Mutations

Your body is rotting away.
You thrive on raw meat.
You are immune to poison.
You have sharp fingernails.
You are carnivorous and can eat meat at any time.
Your flesh is cold resistant. (rC+)
You are immune to negative energy. (rN+++)
You do not regenerate when monsters are visible.
You are immune to unholy pain and torment.
You can survive without breathing.


Message History

The wall freezes the redback zombie.
The redback zombie bites your ice beast.
The centaur shoots an arrow.
The arrow hits you!
* * * LOW HITPOINT WARNING * * *
The arrow burns you.
* * * LOW HITPOINT WARNING * * *
Your ice beast freezes the redback zombie.
The redback zombie resists.
The redback zombie completely resists.
The wall freezes the redback zombie but do no damage.
The redback zombie bites your ice beast.
Casting: Summon Ice Beast (safe; 3% risk of failure)
Confirm with . or Enter, or press ? or * to list all spells.
You don't have enough magic to cast that spell.
Unknown command.
Okay, then.
The centaur shoots an arrow.
The arrow hits your ice beast! The arrow melts your ice beast.
The wall freezes the redback zombie but do no damage.
The redback zombie bites your ice beast!
Your ice beast freezes the redback zombie.
The redback zombie resists.
Okay, then.
The centaur shoots an arrow.
The arrow hits your ice beast. The arrow melts your ice beast.
The redback zombie completely resists.
The wall freezes the redback zombie but do no damage.
The redback zombie bites your ice beast but does no damage.
The centaur shoots an arrow.
The arrow hits your ice beast! The arrow melts your ice beast.
The redback zombie completely resists.
The wall freezes the redback zombie but do no damage.
The redback zombie bites your ice beast but does no damage.
The centaur shoots an arrow.
The arrow hits your ice beast! The arrow melts your ice beast.
Your ice beast dies!
You hear a splash.
The redback zombie is destroyed!
Vehumet accepts your kill.
Vehumet offers you knowledge of Inner Flame.
You swap places.
You see here an arrow.
The frozen ramparts melt away.
Okay, then.
You start resting.
The centaur shoots an arrow.
The arrow hits your ice beast. The arrow melts your ice beast.
Your ice beast dies!
The centaur shoots an arrow.
The arrow hits you but does no damage.
You see here 5 arrows.
The centaur shouts!
The centaur shoots an arrow.
The arrow hits you!
* * * LOW HITPOINT WARNING * * *
The arrow burns you.
* * * LOW HITPOINT WARNING * * *
There is a stone staircase leading up here.
You see here an arrow.
The centaur shoots an arrow.
The arrow hits you.
* * * LOW HITPOINT WARNING * * *
The arrow burns you.
* * * LOW HITPOINT WARNING * * *
The centaur wields a +3 shortbow.
The centaur shoots an arrow.
The arrow barely misses you.
The centaur shoots an arrow.
The arrow hits you.
* * * LOW HITPOINT WARNING * * *
The centaur wields a +0 shortbow.
The centaur shoots an arrow.
The arrow hits you!
You die...

#..........##.(##.###
##............###.#
#..........(### #.#
#......<....# #.#
#..........## #)#
#..........# ##.##
#...........# #(((#
##...........# #(.(#
...........≈y≈##@((#
#.#≈#..c.#.≈.≈.(...#
#.#≈#....#c≈.≈(.......
.c≈c≈..........
.##.#.#........
#.c......)...
...#+#....... ..## .
##.....


You could see 4 centaurs.

Vanquished Creatures
  4 two-headed ogres
  An unseen horror (D:10)
  Maurice (D:8)
  A centaur zombie (D:10)
  Maggie (D:7)
  2 hippogriffs
  4 hogs (D:7)
  A human (D:7)
  A hungry ghost (D:8)
  A water moccasin (D:10)
  An ice beast (D:10)
  3 sky beasts
  4 orc warriors
  2 black bears
  4 ogres
  A phantom (D:8)
  5 centaurs
  A big kobold (D:10)
  5 bullfrogs
  Blork the orc (D:6)
  A wyvern zombie (D:9)
  A scorpion (D:6)
  13 wights
  2 killer bees (D:11)
  A spectral bullfrog (D:9)
  2 howler monkeys (D:10)
  4 crimson imps
  A bullfrog zombie (D:9)
  5 hounds
  3 jellies
  2 centaur skeletons
  A gnoll shaman (D:3)
  6 orc priests
  8 orc wizards
  A bullfrog skeleton (D:10)
  4 iguanas
  8 worker ants
  Terence (D:2)
  A killer bee zombie (D:9)
  2 hound skeletons
  6 worker ant zombies
  3 gnolls (D:3)
  7 adders
  A howler monkey skeleton (D:5)
  2 shadow imps (D:7)
  3 oozes
  An adder skeleton (D:5)
  2 worms
  2 dart slugs (D:1)
  The ghost of Prakerore the Magician, a weakling OpWz (D:3)
  8 leopard geckos
  38 orcs
  6 giant cockroaches
  7 goblins
  2 hobgoblins (D:1)
  6 jackals (D:4)
  10 kobolds
  7 quokkas
  A ball python (D:6)
  A ball python skeleton (D:5)
  5 bats
  8 frilled lizards
  A quokka zombie (D:5)
  7 rats
246 creatures vanquished.

Vanquished Creatures (collateral kills)
  A redback zombie (D:11)
1 creature vanquished.

Grand Total: 247 creatures vanquished

Notes
Turn   | Place    | Note
-------+----------+-------------------------------------------
     0 | D:1      | Amnesiac the Ghoul Ice Elementalist began the quest for the
                  | Orb.
     0 | D:1      | Reached XP level 1. HP: 14/14 MP: 2/2
    12 | D:2      | Noticed Terence
   123 | D:1      | Reached XP level 2. HP: 16/22 MP: 0/3
   558 | D:1      | Reached skill level 1 in Fighting
   608 | D:1      | Reached XP level 3. HP: 23/28 MP: 0/5
   613 | D:1      | Learned a level 3 spell: Frozen Ramparts
   951 | D:1      | Reached skill level 5 in Ice Magic
  1237 | D:2      | Killed Terence
  1237 | D:2      | Reached XP level 4. HP: 18/33 MP: 0/6
  1486 | D:3      | Found a runed translucent door.
  1488 | D:3      | Noticed Prakerore's ghost (weakling OpWz)
  1488 | D:3      | Noticed a bullfrog
  1554 | D:3      | Reached XP level 5. HP: 10/41 MP: 0/7
  1625 | D:3      | Killed Prakerore's ghost
  1628 | D:3      | Reached skill level 6 in Ice Magic
  1735 | D:3      | Found a runed translucent door.
  1750 | D:3      | Reached XP level 6. HP: 40/51 MP: 2/9
  2426 | D:4      | Reached skill level 7 in Ice Magic
  2426 | D:4      | Reached XP level 7. HP: 42/57 MP: 3/11
  2809 | D:5      | Entered Level 5 of the Dungeon
  3057 | D:5      | Identified the +1 robe of Ecuapsyt {Stlth+}
  3120 | D:5      | Reached skill level 8 in Ice Magic
  3295 | D:5      | Reached XP level 8. HP: 63/67 MP: 8/13
  3344 | D:5      | Found an opulent altar of Gozag.
  3962 | D:6      | Noticed Blork the orc
  3968 | D:6      | Killed Blork the orc
  3995 | D:6      | Reached skill level 5 in Fighting
  4464 | D:7      | Reached skill level 9 in Ice Magic
  4620 | D:7      | Found a staircase to the Ecumenical Temple.
  4633 | Temple   | Entered the Ecumenical Temple
  4710 | Temple   | Became a worshipper of Vehumet
  4807 | D:7      | Noticed Maggie
  5236 | D:3      | Found a faded altar of an unknown god.
  5374 | D:3      | Found a glowing golden altar of the Shining One.
  5789 | D:7      | Noticed a hippogriff
  5807 | D:7      | Killed a hippogriff
  5807 | D:7      | Reached skill level 5 in Spellcasting
  5807 | D:7      | Reached XP level 9. HP: 36/75 MP: 6/15
  5880 | D:7      | Killed Maggie
  5880 | D:7      | Reached skill level 10 in Ice Magic
  6252 | D:7      | Found a sparkling altar of Nemelex Xobeh.
  6304 | D:7      | Reached skill level 11 in Ice Magic
  6511 | D:8      | Noticed a two-headed ogre
  6526 | D:7      | Killed a two-headed ogre
  6526 | D:7      | Reached XP level 10. HP: 56/83 MP: 8/18
  6569 | D:8      | Noticed Maurice
  6578 | D:8      | Reached * piety under Vehumet
  6578 | D:8      | Offered knowledge of Sandblast by Vehumet.
  6600 | D:8      | Killed Maurice
  6724 | D:7      | Learned a level 4 spell: Summon Ice Beast
  6729 | D:7      | Learned a level 4 spell: Hailstorm
  6733 | D:7      | Learned a level 3 spell: Ozocubu's Armour
  6751 | D:8      | Reached skill level 12 in Ice Magic
  7268 | D:9      | Noticed a two-headed ogre
  7282 | D:9      | Killed a two-headed ogre
  7433 | D:9      | Found a staircase to the Lair.
  7638 | D:9      | Offered knowledge of Shock by Vehumet.
  7883 | D:9      | Found a stormy altar of Qazlal.
  7968 | D:9      | Noticed a two-headed ogre
  7990 | D:9      | Killed a two-headed ogre
  7990 | D:9      | Reached ** piety under Vehumet
  7990 | D:9      | Reached skill level 13 in Ice Magic
  7990 | D:9      | Reached XP level 11. HP: 66/95 MP: 13/20
  8135 | D:10     | Entered Level 10 of the Dungeon
  8339 | D:10     | Offered knowledge of Static Discharge by Vehumet.
  8444 | D:10     | Noticed a two-headed ogre
  8455 | D:10     | Killed a two-headed ogre
  8524 | D:10     | Reached *** piety under Vehumet
  8774 | D:10     | Killed an unseen horror
  9003 | D:11     | Found a runed translucent door.
  9033 | D:11     | HP: 2/99 [redback zombie (7)]
  9065 | D:11     | Offered knowledge of Inner Flame by Vehumet.
  9072 | D:11     | HP: 2/99 [centaur/arrow (3)]
  9072 | D:11     | Shot with an arrow by a centaur

Levels and vault maps discovered:
D:1:      tarquinn_simple_flora_water_b, layout_basic
D:2:      layout_basic, minmay_tromino_i2, uniq_terence
D:3:      layout_rooms, tso_oasis_becter, chequers_ecumenical_altar_lobes,
          first_ration, ebering_ghost_sewer_f, minmay_lizard_king
D:4:      layout_basic
D:5:      layout_basic, lemuel_coloured_pillars_altar
D:6:      layout_loops_corners, uniq_blork_the_orc
D:7:      layout_cave_pods, overflow_temple_1_default,
          minmay_temple_entry_waves, grunt_livestock,
          minmay_misc_feat_more_columns, minmay_crystal_room, uniq_maggie
D:8:      layout_cave_pools, uniq_maurice
D:9:      layout_irregular_city, nicolae_qazlal_eye_of_the_storm,
          lair_entry_dummy, hangedman_weighted_door
D:10:     layout_rooms
D:11:     layout_rooms, serial_rivers, chequers_serial_rivers_large_b,
          chequers_serial_rivers_room_a, chequers_serial_rivers_micro_d,
          chequers_serial_rivers_small_3, fountainhead,
          minmay_statue_crystal_thing, uniq_psyche
Temple:   dpeg_five_rooms_temple

Skill      XL: |  1  2  3  4  5  6  7  8  9 10 11 |
---------------+----------------------------------+-----
Spellcasting   | 2 3 4 5 6 7 |  7.7
Fighting       | 1 2 3 4 6 7 8 9 |  9.7
Ice Magic      | 5 6 7 8 9 11 13 | 13.9
Dodging        | |  1.7
Stealth        | |  2.1

Action                   |  1- 3 |  4- 6 |  7- 9 | 10-12 || total
-------------------------+-------+-------+-------+-------++-------
Melee: Unarmed           |    33 |    13 |       |       ||    46
       Falchion          |       |    24 |   104 |     8 ||   136
       Long sword        |       |       |       |    88 ||    88
       Scimitar          |       |       |       |    93 ||    93
 Fire: Hunting sling     |       |       |       |    35 ||    35
Throw: Stone             |       |       |     1 |     1 ||     2
 Cast: Freeze            |    29 |    20 |    70 |    44 ||   163
       Frozen Ramparts   |     1 |    11 |    35 |    33 ||    80
       Summon Ice Beast  |       |       |       |     7 ||     7
  Use: Scroll            |       |       |     9 |     8 ||    17
       Potion            |       |       |     3 |     5 ||     8
 Stab: Sleeping          |       |       |     2 |       ||     2
  Eat: Chunk             |     5 |    11 |    39 |    52 ||   107
Armor: Robe              |    10 |     8 |    39 |       ||    57
       Steam dragon scal |       |       |     6 |    92 ||    98
Dodge: Dodged            |    49 |    41 |   120 |   176 ||   386
       Rpst.: Falchion   |       |     9 |    28 |     2 ||    39
       Long sword        |       |       |       |    27 ||    27
       Scimitar          |       |       |       |    17 ||    17

Table legend:
 A = Non-vault XP
 B = Vault XP
 C = Vault XP percentage of total XP
 D = Non-vault monster count
 E = Vault monster count
 F = Vault count percentage of total count
                 A         B        C        D         E       F
            +---------+---------+-------+---------+---------+-------
      Total |   12051 |    2301 |  16.0 |     221 |      26 |  10.5
            +---------+---------+-------+---------+---------+-------
        D:1 |      48 |       0 |   0.0 |      20 |       0 |   0.0
        D:2 |      26 |      32 |  55.2 |       9 |       1 |  10.0
        D:3 |     223 |     124 |  35.7 |      24 |      12 |  33.3
        D:4 |     333 |       0 |   0.0 |      18 |       0 |   0.0
        D:5 |     498 |       0 |   0.0 |      17 |       0 |   0.0
        D:6 |     437 |      90 |  17.1 |      18 |       1 |   5.3
        D:7 |    1948 |    1341 |  40.8 |      22 |       6 |  21.4
        D:8 |     971 |     480 |  33.1 |      20 |       1 |   4.8
        D:9 |    2547 |     234 |   8.4 |      15 |       5 |  25.0
       D:10 |    4042 |       0 |   0.0 |      47 |       0 |   0.0
       D:11 |     846 |       0 |   0.0 |      10 |       0 |   0.0
     Temple |     132 |       0 |   0.0 |       1 |       0 |   0.0
            +---------+---------+-------+---------+---------+-------
